 Dungeon Crawl Stone Soup version 0.20.1-1-g8b1a95d (webtiles) character file.

3895 rzd the Blocker (level 10, -7/60 HPs)
             Began as a Gargoyle Fighter on Sept 27, 2017.
             Was a Believer of the Shining One.
             Mangled by a two-headed ogre
             ... wielding a +0 giant club
              (18 damage)
             ... on level 8 of the Dungeon.
             The game lasted 00:57:31 (5469 turns).

rzd the Blocker (Gargoyle Fighter)                  Turns: 5469, Time: 00:57:32

Health: -7/60      AC: 15    Str: 25      XL:     10   Next: 20%
Magic:  10/10      EV: 10    Int:  9      God:    the Shining One [**....]
Gold:   233        SH: 11    Dex:  8 (9)  Spells: 9/9 levels left

rFire    . . .     SeeInvis .   a - +1 war axe
rCold    . . .     Gourm    .   k - +0 shield
rNeg     + + .     Faith    .   q - +0 chain mail
rPois    ∞         Spirit   .   (no helmet)
rElec    +         Reflect  .   (no cloak)
rCorr    +         Harm     .   (no gloves)
MR       +....                  w - +0 pair of boots
Stlth    ..........             (no amulet)
Regen    0.2/turn               t - ring of resist corrosion
MPRegen  0.2/turn               r - +2 ring of evasion

@: glowing
A: hooves 1, deformed body, deterioration 1, magic resistance 1, negative energy
resistance 1, electricity resistance, strong 1, unbreathing, petrification
resistance, rot immunity, AC +7
a: Divine Shield, Renounce Religion


You were on level 8 of the Dungeon.
You worshipped the Shining One.
The Shining One was pleased with you.
You were not hungry.

You visited 1 branch of the dungeon, and saw 8 of its levels.

You collected 383 gold pieces.
You spent 150 gold pieces at shops.

Inventory:

Hand Weapons
 a - a +1 war axe (weapon)
 d - a +0 hand axe of flaming
 v - a +0 blowgun
Missiles
 g - 40 poisoned needles
 m - 173 stones (quivered)
 p - a throwing net
 s - 7 curare-tipped needles
Armour
 k - a +0 shield (worn)
 q - a +0 chain mail (worn)
 w - a +0 pair of boots (worn)
Jewellery
 n - an uncursed ring of fire
 r - a +2 ring of evasion (right hand)
 t - a ring of resist corrosion (left hand)
 y - an uncursed ring of wizardry {unknown}
Wands
 x - a wand of polymorph (16/24)
Scrolls
 e - 5 scrolls of remove curse
 h - 4 scrolls of fear
 i - 4 scrolls of teleportation
Potions
 c - a potion of degeneration {unknown}
 j - 2 potions of flight
 o - 2 potions of magic {unknown}
 u - a potion of lignification {unknown}
 A - a potion of heal wounds {unknown}
Comestibles
 b - 2 fruits
 f - 9 bread rations
 l - 2 royal jellies
 z - 6 chunks of flesh


   Skills:
 + Level 6.1 Fighting
 + Level 7.9 Axes
 * Level 8.2 Armour
 + Level 2.5 Dodging
 + Level 0.2 Stealth
 * Level 8.9 Shields


You had 9 spell levels left.
You didn't know any spells.

Dungeon Overview and Level Annotations

Branches:
Dungeon (8/15)             Temple (0/1) D:4
   Lair: D:8-11

Altars:
Elyvilon
Qazlal
Xom
Zin
The Shining One

Shops:
D:7 =

Annotations:
D:6 Prince Ribbit


Innate Abilities, Weirdness & Mutations

You are resistant to torment.
Your stone body is resilient. (AC +7)
You are immune to poison.
You resist negative energy. (rN+)
You are resistant to electric shocks. (rElec)
You can survive without breathing.
You are immune to petrification.
You are immune to rotting.
You have large cloven feet.
Armour fits poorly on your strangely shaped body.
Your body sometimes deteriorates upon taking damage.
You are resistant to hostile enchantments. (MR+)
Your muscles are strong. (Str +2)


Message History

The two-headed ogre is lightly wounded.
The two-headed ogre barely misses you. You block the two-headed ogre's attack.
You hit the two-headed ogre.
The two-headed ogre is lightly wounded.
The two-headed ogre hits you with a giant club!
The two-headed ogre hits you with a giant spiked club.
The orc shouts!
You hit the two-headed ogre.
The two-headed ogre is lightly wounded.
You block the two-headed ogre's attack. x2
You slash the two-headed ogre!
The two-headed ogre is heavily wounded.
You slash the two-headed ogre!
The two-headed ogre is severely wounded.
You block the two-headed ogre's attack. The two-headed ogre closely misses you.
The orc priest calls down the wrath of Beogh upon you.
Beogh smites you!
* * * LOW HITPOINT WARNING * * *
The two-headed ogre hits you with a giant club!!
You die...

.# .. . #. .# #. .# ## . .## ###
#. ##.# .. # ..##... #.##..# .# #
.....# #.#..## ##.# # ...#
#.....# #.. #
..o########.##.##### #^#
.oa.o..†.o.o.c.O...######.#######
...############a@)...............
...# ####..####.######## <.##
##.#....# .## #...#### ## ##.##
###


You could see a two-headed ogre, an orc warrior, a centaur, a worker ant and an
orc wizard.

Vanquished Creatures
  A spriggan (D:7)
  Sigmund (D:2)
  6 yaks (D:7)
  Edmund (D:5)
  Duvessa (D:5)
  A black bear (D:7)
  An ice beast (D:5)
  4 phantoms
  A necrophage (D:8)
  2 centaurs (D:5)
  2 ogres
  Dowan (D:5)
  2 gnoll sergeants (D:6)
  2 scorpions (D:7)
  A killer bee (D:7)
  A howler monkey (D:5)
  2 centaur zombies
  A centaur skeleton (D:7)
  2 crimson imps
  2 bullfrog skeletons
  A gnoll shaman (D:6)
  2 hounds
  A bullfrog zombie (D:6)
  2 orc priests (D:3)
  A jelly (D:3)
  4 orc wizards
  Jessica (D:2)
  5 worker ants
  A killer bee zombie (D:8)
  2 hound skeletons (D:6)
  A hound zombie (D:5)
  18 gnolls
  7 adders
  A river rat (D:3)
  2 shadow imps (D:6)
  10 oozes
  A worm (D:5)
  4 leopard geckos
  30 orcs
  2 bats
  5 giant cockroaches
  3 hobgoblins (D:1)
  An iguana (D:3)
  8 jackals
  14 kobolds
  3 quokkas
  A ball python (D:5)
  6 frilled lizards
  7 goblins
  2 leopard gecko skeletons (D:4)
  A quokka zombie (D:7)
  9 rats
191 creatures vanquished.

Vanquished Creatures (others)
  2 fungi (D:3)
  6 toadstools (D:3)
8 creatures vanquished.

Grand Total: 199 creatures vanquished

Notes
Turn   | Place    | Note
-------+----------+-------------------------------------------
     0 | D:1      | rzd the Gargoyle Fighter began the quest for the Orb.
     0 | D:1      | Reached XP level 1. HP: 14/14 MP: 1/1
   293 | D:1      | Reached XP level 2. HP: 17/19 MP: 2/2
   539 | D:2      | Reached XP level 3. HP: 12/24 MP: 3/3
   614 | D:2      | Noticed Sigmund
   624 | D:2      | Killed Sigmund
   624 | D:2      | Reached XP level 4. HP: 9/29 MP: 4/4
   624 | D:2      | Reached XP level 5. HP: 11/33 MP: 5/5
   675 | D:2      | Noticed Jessica
   691 | D:2      | Killed Jessica
   809 | D:2      | Reached XP level 6. HP: 29/38 MP: 6/6
   864 | D:2      | Gained mutation: You are partially covered in yellow scales. (AC +2) [potion of mutation]
   864 | D:2      | Gained mutation: You possess an exceptional clarity of mind. [potion of mutation]
   864 | D:2      | Gained mutation: You are agile. (Dex +2) [potion of mutation]
  1443 | D:3      | Found a shimmering altar of Xom.
  1713 | D:3      | Reached skill level 1 in Dodging
  1825 | D:3      | Reached skill level 5 in Armour
  2055 | D:3      | Reached skill level 5 in Shields
  2055 | D:3      | Reached XP level 7. HP: 41/44 MP: 7/7
  2339 | D:3      | HP: 1/44 [orc priest/divine providence (10)]
  2833 | D:4      | Found a staircase to the Ecumenical Temple.
  3023 | D:4      | Found a glowing silver altar of Zin.
  3023 | D:4      | Found a glowing golden altar of the Shining One.
  3024 | D:4      | Found a white marble altar of Elyvilon.
  3033 | D:4      | Became a worshipper of the Shining One
  3120 | D:4      | Got a transparent war axe
  3412 | D:5      | Entered Level 5 of the Dungeon
  3445 | D:5      | Identified the +7 war axe "Rauvam" {antimagic, *Corrode Int+7 Dex+7} (You found it on level 4 of the Dungeon)
  3484 | D:5      | Noticed Edmund
  3515 | D:5      | Killed Edmund
  3515 | D:5      | Reached XP level 8. HP: 34/48 MP: 8/8
  3787 | D:5      | Noticed Duvessa
  3789 | D:5      | Noticed Dowan
  3823 | D:5      | Reached skill level 5 in Axes
  3824 | D:5      | Killed Duvessa
  3831 | D:5      | Killed Dowan
  4019 | D:5      | Reached skill level 5 in Fighting
  4077 | D:5      | Reached * piety under the Shining One
  4244 | D:6      | Reached XP level 9. HP: 53/54 MP: 9/9
  4272 | D:6      | Noticed Prince Ribbit
  4604 | D:6      | Reached ** piety under the Shining One
  4767 | D:7      | Found a stormy altar of Qazlal.
  4769 | D:7      | Found Goceett's Jewellery Emporium.
  4856 | D:7      | Bought a +2 ring of evasion for 150 gold pieces
  4882 | D:7      | Lost mutation: You are partially covered in yellow scales. (AC +2) [potion of mutation]
  4882 | D:7      | Lost mutation: You are agile. (Dex +2) [potion of mutation]
  4882 | D:7      | Lost mutation: You possess an exceptional clarity of mind. [potion of mutation]
  4882 | D:7      | Gained mutation: You evolve. [potion of mutation]
  4882 | D:7      | Gained mutation: Your mind is acute. (Int +2) [potion of mutation]
  4882 | D:7      | Gained mutation: Your muscles are strong. (Str +2) [potion of mutation]
  5113 | D:7      | Found a stormy altar of Qazlal.
  5216 | D:7      | Reached XP level 10. HP: 39/60 MP: 10/10
  5374 | D:8      | Lost mutation: Your mind is acute. (Int +2) [potion of mutation]
  5374 | D:8      | Lost mutation: You evolve. [potion of mutation]
  5374 | D:8      | Gained mutation: Your body sometimes deteriorates upon taking damage. [potion of mutation]
  5374 | D:8      | Gained mutation: Armour fits poorly on your strangely shaped body. [potion of mutation]
  5374 | D:8      | Gained mutation: You have large cloven feet. [potion of mutation]
  5374 | D:8      | Gained mutation: You are resistant to hostile enchantments. (MR+) [potion of mutation]
  5432 | D:8      | Noticed a two-headed ogre
  5469 | D:8      | Mangled by a two-headed ogre

Skill      XL: |  1  2  3  4  5  6  7  8  9 10 |
---------------+-------------------------------+-----
Axes           | 2 3 4 5 7 |  7.9
Fighting       | 4 5 6 |  6.1
Armour         | 4 5 6 8 |  8.2
Shields        | 4 5 6 7 8 |  8.9
Dodging        | 1 2 |  2.5
Stealth        | |  0.2

Action                   |  1- 3 |  4- 6 |  7- 9 | 10-12 || total
-------------------------+-------+-------+-------+-------++-------
Melee: War axe           |    70 |   238 |   202 |    41 ||   551
       Hand axe          |       |       |   343 |       ||   343
  Use: Potion            |     1 |     1 |     2 |     1 ||     5
       Scroll            |       |     5 |    10 |     1 ||    16
  Eat: Chunk             |       |     4 |    11 |     1 ||    16
       Fruit             |       |       |     1 |       ||     1
Armor: Scale mail        |    37 |     5 |       |       ||    42
       Chain mail        |       |   128 |   331 |    14 ||   473
Dodge: Dodged            |    22 |    69 |   163 |    18 ||   272
Block: Shield            |    26 |   138 |   348 |    21 ||   533
